 Dungeon Crawl Stone Soup version 0.32-a0-898-g7811c86 (webtiles) character file.

Game seed: 6672834260946984144

6855 sirjones the Skirmisher (level 11, -4/77 (85) HPs)
             Began as a Coglin Hunter on Apr 4, 2024.
             Was an Elder of Okawaru.
             Slain by an ice devil (8 damage)
             ... summoned by an orc sorcerer
             ... in a bailey.
             The game lasted 00:19:00 (7803 turns).

sirjones the Skirmisher (Coglin Hunter)             Turns: 7803, Time: 00:19:00

HP:   -4/77 (85)    AC: 16    Str: 16    XL:     11   Next: 6%
MP:   11/11         EV: 10    Int: 10    God:    Okawaru [****..]
Gold: 334           SH:  0    Dex: 19    Spells: 10/10 levels left

rFire   + + .        a - +2 sling {Imanvir}
rCold   + . .        d - +0 sling {Demetirus}
rNeg    . . .        t - +0 chain mail {rF+}
rPois   +            v - +0 helmet
rElec   +            w - +0 cloak
rCorr   +            k - +2 pair of gloves {Str+3}
SInv    .            (no boots)
Will    .....        (amulet unavailable) Stlth
                     (ring unavailable)
HPRegen 0.32/turn    (ring unavailable)
MPRegen 0.12/turn    (no gizmo)

%: no passive effects
@: about to teleport, resistant, drained, revved
A: off-hand wielding, slow wielding, warmup strikes, no jewellery
a: Invent Gizmo, Renounce Religion, Heroism, Finesse


You were in a bailey.
You worshipped Okawaru.
Okawaru was greatly pleased with you.
You visited 1 branch of the dungeon, and saw 9 of its levels.
You also visited: Sewer and Bailey.

You collected 626 gold pieces.
You spent 292 gold pieces at shops.

Inventory:

Hand Weapons
 a - a +2 sling (weapon) {Imanvir}
 d - a +0 sling (offhand) {Demetirus}
Armour
 e - a +0 troll leather armour {Pargi}
 i - a +0 pair of gloves
 k - a +2 pair of gloves of strength (worn)
 o - a +0 scale mail
 t - a +0 chain mail of fire resistance (worn)
 v - a +0 helmet (worn)
 w - a +0 cloak (worn)
Talismans
 s - a beast talisman
 A - a dragon-blood talisman
Wands
 l - a wand of warping (7)
 B - a wand of polymorph (7)
Scrolls
 b - a scroll of butterflies
 n - a scroll of blinking
 p - 7 scrolls of teleportation
 x - a scroll of fear
 z - a scroll of enchant weapon
 D - 2 scrolls of enchant armour
 E - a scroll of poison
 F - a scroll of immolation
Potions
 f - 2 potions of brilliance
 h - 4 potions of cancellation
 j - 2 potions of heal wounds
 m - 3 potions of mutation
 q - 3 potions of enlightenment
 r - a potion of magic
 u - 2 potions of curing
 G - a potion of attraction


   Skills:
 + Level 7.7 Fighting
 * Level 10.3 Ranged Weapons
 + Level 6.7 Armour
 + Level 7.0 Dodging
 - Level 0.7 Stealth


You had 10 spell levels left.
You didn't know any spells.
Your spell library contained the following spells:

 Spells                   Type           Power      Damage    Failure   Level
 Apportation              Tloc           0%         N/A       98%         1
 Freeze                   Ice            0%         1d3       98%         1
 Cigotuvi's Dreadful Rot  Necr/Alch/Air  0%         N/A       99%         2
 Ensorcelled Hibernation  Hex/Ice        0%         N/A       99%         2
 Frozen Ramparts          Ice            0%         1d1       100%        3
 Fugue of the Fallen      Necr           0%         N/A       100%        3
 Hailstorm                Conj/Ice       0%         3d5       100%        3
 Inner Flame              Hex/Fire       0%         N/A       100%        3
 Volatile Blastmotes      Fire/Tloc      0%         2d10      100%        3
 Anguish                  Hex/Necr       0%         N/A       100%        4
 Flame Wave               Conj/Fire      0%         2d4       100%        4
 Fulminant Prism          Conj/Alch      0%         3d5       100%        4
 Ignite Poison            Fire/Alch      0%         N/A       100%        4
 Iskenderun's Mystic Bla Conj/Tloc 0%             2d3        (+2d1     100%        4
 Sticky Flame             Fire/Alch      0%         2d4       100%        4
 Vhi's Electric Charge    Tloc/Air       0%         N/A       100%        4
 Borgnjor's Vile Clutch   Necr/Erth      0%         N/A       100%        5
 Freezing Cloud           Conj/Ice/Air   0%         6-21      100%        5
 Animate Dead             Necr           Unusable   N/A       N/A         4
 Summon Forest            Summ/Tloc      Unusable   N/A       N/A         5
 Death Channel            Necr           Unusable   N/A       N/A         6

Dungeon Overview and Level Annotations

Branches:
Dungeon (9/15)             Temple (0/1) D:7           Sewer (visited)
 Bailey (1/1)
   Lair: D:8-11         Orc: D:9-12

Altars:
Cheibriados
Okawaru
Qazlal
Sif Muna
Vehumet

Shops:
D:6 ?*

Annotations:
D:7 1 runed translucent door, rotlqkf's ghost, novice CoHu


Innate Abilities, Weirdness & Mutations

You can wield a second weapon in your off-hand.
It takes a long time for you to wield or remove held weapons.
Your first few attacks do less damage.
You cannot equip rings or amulets.


Message History

The sling bullet hits the orc sorcerer but does no damage.
The orc sorcerer is lightly wounded.
You shoot a sling bullet.
The sling bullet barely misses the orc sorcerer.
The ice devil misses you.
The orc sorcerer hits you with a +0 war axe.
Aiming: Polymorph
Press: ? - help, Shift-Dir - straight line, f/p - orc sorcerer
Aim: an orc sorcerer, wielding a +0 war axe and wearing a +0 ring mail (lightly wounded, will become a snapping turtle, a mana viper, or a dream sheep, chance to affect: 31%)
The orc sorcerer easily resists.
The ice devil hits you but does no damage.
The orc sorcerer gestures at you while chanting.
The bolt of fire hits you! You resist.
Aiming: Polymorph
Press: ? - help, Shift-Dir - straight line, f/p - orc sorcerer
Aim: an orc sorcerer, wielding a +0 war axe and wearing a +0 ring mail (lightly wounded, will become a snapping turtle, a mana viper, or a dream sheep, chance to affect: 31%)
The orc sorcerer evaporates and reforms as a snapping turtle!
The ice devil closely misses you.
Unknown command.
Fire: a) +2 sling {Imanvir}
Press: ? - help, Q - select action, (/) - cycle Shift-Dir - straight line, f/p - snapping turtle
Aim: a snapping turtle (lightly wounded, 83% to hit)
You shoot a sling bullet.
The sling bullet hits the snapping turtle but does no damage.
The snapping turtle is lightly wounded.
You shoot a sling bullet.
The sling bullet hits the snapping turtle.
The snapping turtle is lightly wounded.
The ice devil closely misses you.
The snapping turtle bites you but does no damage.
The ice devil hits you.
* * * LOW HITPOINT WARNING * * *
The ice devil freezes you. You resist.
* * * LOW HITPOINT WARNING * * *
Unknown command.
As you read the scroll of teleportation, it crumbles to dust.
You feel strangely unstable. The snapping turtle bites you!
* * * LOW HITPOINT WARNING * * *
The ice devil hits you!
You die...

≈≈≈≈≈≈≈.........≈≈≈≈≈≈≈
≈≈≈≈≈≈≈≈≈≈...≈≈≈≈≈≈≈≈≈≈
≈≈≈≈≈≈≈≈≈≈...≈≈≈≈≈≈≈≈≈≈
≈≈≈≈≈≈≈≈≈≈...≈≈≈≈≈≈≈≈≈≈
≈≈≈≈≈≈≈≈≈≈...≈≈≈≈≈≈≈≈≈≈
######~~~~)).~~~~######
#...........#
#####'''#####
#..'...).4@.#
#..).....t..#
####..#..⌠..#..#
#..4..#.....#.....
#.ßo..#.....#...ß.#
#4....#######.....#
#5ß#### ####ß.# #5.#
..# #5ß#


You could see a snapping turtle and an ice devil (summoned).

Vanquished Creatures
  A two-headed ogre (D:9)
  An orc knight (Bailey)
  A hornet (D:8)
  A wraith (D:8)
  A wyvern (D:6)
  12 yaks (D:9)
  A steam dragon (D:8)
  3 water moccasins
  Pargi (Sewer)
  3 orc warriors (Bailey)
  3 ice beasts
  A sky beast (D:8)
  2 black bears
  2 ogres (D:5)
  A wolf (D:6)
  3 centaurs
  3 kobold brigands
  A bullfrog (D:8)
  A scorpion (D:4)
  A gnoll sergeant (D:6)
  Crazy Yiuf (D:6)
  9 hounds
  3 orc priests
  5 gnoll boudas
  2 iguanas (D:5)
  2 jellies (D:5)
  Jessica (D:3)
  2 sleepcaps
  7 orc wizards
  5 adders
  30 gnolls
  4 white imps
  2 ufetubi (D:6)
  A dart slug (D:2)
  2 ribbon worms (D:5)
  25 orcs
  An endoplasm (D:1)
  5 giant cockroaches
  15 goblins
  12 hobgoblins
  7 jackals
  4 quokkas
  9 ball pythons
  6 bats
  2 frilled lizards
  15 kobolds
  5 rats
225 creatures vanquished.

Notes
Turn   | Place    | Note
-------+----------+-------------------------------------------
     0 | D:1      | sirjones the Coglin Hunter began the quest for the Orb.
     0 | D:1      | Reached XP level 1. HP: 16/16 MP: 1/1
    65 | D:2      | Reached XP level 2. HP: 22/22 MP: 2/2
    91 | D:2      | Found a stormy altar of Qazlal.
   169 | D:3      | Reached skill level 4 in Ranged Weapons
   169 | D:3      | Reached skill level 1 in Armour
   169 | D:3      | Reached XP level 3. HP: 3/28 MP: 3/3
   304 | D:3      | Noticed Jessica
   307 | D:3      | Killed Jessica
   308 | D:3      | Reached XP level 4. HP: 34/34 MP: 4/4
   490 | D:4      | Noticed a scorpion
   512 | D:4      | Killed a scorpion
   513 | D:4      | Reached XP level 5. HP: 30/40 MP: 5/5
   739 | D:4      | Found a glowing drain.
   744 | D:4      | Reached XP level 6. HP: 22/47 MP: 6/6
   753 | Sewer    | Entered a sewer
   856 | Sewer    | Reached skill level 5 in Ranged Weapons
   878 | Sewer    | Noticed Pargi
   889 | Sewer    | Killed Pargi
  1037 | D:4      | Found a shimmering blue altar of Sif Muna.
  1041 | D:4      | Found an iron altar of Okawaru.
  1069 | D:4      | Became a worshipper of Warmaster Okawaru
  2317 | D:4      | Noticed an ice beast
  2335 | D:4      | Killed an ice beast
  2336 | D:4      | Reached XP level 7. HP: 40/53 MP: 7/7
  2778 | D:5      | Entered Level 5 of the Dungeon
  2875 | D:5      | Reached skill level 6 in Ranged Weapons
  2949 | D:5      | Reached * piety under Okawaru
  2962 | D:5      | Reached XP level 8. HP: 61/61 MP: 8/8
  3495 | D:6      | Reached ** piety under Okawaru
  3597 | D:6      | Found a runed translucent door.
  3598 | D:6      | Noticed Crazy Yiuf
  3608 | D:6      | Killed Crazy Yiuf
  3763 | D:6      | Reached skill level 5 in Fighting
  3763 | D:6      | Reached skill level 7 in Ranged Weapons
  3858 | D:6      | Found Izxagucy's Magic Scroll Shop.
  3932 | D:6      | Reached XP level 9. HP: 66/68 MP: 9/9
  4009 | D:6      | Bought a scroll of fear for 44 gold pieces
  4009 | D:6      | Bought a scroll of teleportation for 33 gold pieces
  4009 | D:6      | Bought a scroll of identify for 22 gold pieces
  4010 | D:6      | Bought a scroll of identify for 22 gold pieces
  4010 | D:6      | Bought a scroll of identify for 22 gold pieces
  4010 | D:6      | Bought 2 scrolls of identify for 44 gold pieces
  4052 | D:6      | Found Nieriw's General Store.
  4056 | D:6      | Bought a scroll of teleportation for 30 gold pieces
  4056 | D:6      | Bought a scroll of enchant weapon for 75 gold pieces
  4218 | D:6      | Reached *** piety under Okawaru
  4219 | D:6      | Reached skill level 5 in Dodging
  4490 | D:7      | Reached skill level 8 in Ranged Weapons
  4508 | D:7      | Found a runed translucent door.
  4510 | D:7      | Noticed rotlqkf's ghost (novice CoHu)
  4604 | D:7      | Found a staircase to the Ecumenical Temple.
  4940 | D:7      | Reached skill level 5 in Armour
  6265 | D:8      | Noticed a hornet
  6279 | D:8      | Paralysed by a hornet for 2 turns
  6286 | D:8      | Killed a hornet
  6388 | D:8      | Reached XP level 10. HP: 69/77 MP: 10/10
  6416 | D:8      | Reached skill level 9 in Ranged Weapons
  6638 | D:9      | Reached **** piety under Okawaru
  6791 | D:9      | Found a radiant altar of Vehumet.
  6791 | D:9      | Found a snail-covered altar of Cheibriados.
  7006 | D:9      | Got the Compendium of the Voyage
  7188 | D:9      | Noticed a two-headed ogre
  7199 | D:9      | Killed a two-headed ogre
  7200 | D:9      | Reached skill level 10 in Ranged Weapons
  7210 | D:9      | Found a flagged portal.
  7217 | Bailey   | Entered a bailey
  7494 | Bailey   | Noticed an orc knight
  7524 | Bailey   | Killed an orc knight
  7525 | Bailey   | Reached XP level 11. HP: 31/85 MP: 11/11
  7706 | Bailey   | Noticed an orc sorcerer
  7801 | Bailey   | an orc sorcerer changed into a snapping turtle
  7803 | Bailey   | Slain by an ice devil

Illustrated notes

Levels and vault maps discovered:
D:1:      lightli_arrival_statuegarden, layout_basic
D:2:      layout_loops_ring, basic_altar
D:3:      layout_rooms, uniq_jessica
D:4:      layout_rooms, mainiacjoe_overflow_catwalk_spiral,
          portal_sewer_entry_f, nicolae_kite_square_tiling_tiny
D:5:      layout_basic, cheibrodos_gnoll_hut
D:6:      layout_cave_pools, serial_gnoll_camp, gnoll_camp_mini_basic,
          gnoll_camp_mini_basic, gnoll_camp_mini_hut, gnoll_camp_mini_shop,
          gnoll_camp_mini_shop, uniq_crazy_yiuf_cottage
D:7:      layout_basic, minmay_temple_entry_drinking_statues,
          gammafunk_ghost_grave
D:8:      minmay_inner_zag, layout_loops_ring, hangedman_decor_riveting
D:9:      layout_basic, amethyst_overflow_temple_binary, enter_bailey_3
Bailey:   bailey_axe_of_yendor_kennysheep, bailey

Skill      XL: |  1  2  3  4  5  6  7  8  9 10 |
---------------+-------------------------------+-----
Dodging        | 2 3 4 5 7 |  7.0
Ranged Weapons | 4 5 6 7 8 10 | 10.3
Armour         | 1 2 3 4 5 6 |  6.7
Fighting       | 3 4 5 6 7 |  7.7
Stealth        | |  0.7

Action                     |  1- 3 |  4- 6 |  7- 9 | 10-12 || total
---------------------------+-------+-------+-------+-------++-------
   Fire: Sling             |    84 |   342 |   864 |   474 ||  1764
  Throw: Throwing net      |       |       |       |     1 ||     1
 Invoke: Heroism           |       |       |     3 |     6 ||     9
  Evoke: Wand              |       |       |       |     3 ||     3
    Use: Potion            |       |     5 |     1 |     5 ||    11
         Scroll            |       |     7 |    11 |     6 ||    24
 Armour: Leather armour    |     6 |       |       |       ||     6
         Scale mail        |       |    43 |    11 |       ||    54
         Troll leather arm |       |    13 |   144 |    51 ||   208
         Skin              |       |       |    26 |       ||    26
         Chain mail        |       |       |       |    53 ||    53
  Dodge: Dodged            |       |    59 |   168 |    91 ||   318

Table legend: (Time is in decaauts)
 A = Elapsed time spent in this place.
 B = Non-inter-level travel time spent in this place.
 C = Inter-level travel time spent in this place.
 D = Time resting spent in this place.
 E = Time spent auto-exploring this place.
 F = Levels seen in this place.
 G = Mean time per level.
                   A        B        C        D        E       F      G
               +--------+--------+--------+--------+--------+-----+--------+
         Total |   7868 |   7370 |    498 |    264 |   5451 |  11 |  715.3 |
       Dungeon |   7039 |   6541 |    498 |     49 |   5078 |   9 |  782.1 |
         Sewer |    254 |    254 |      0 |      0 |    185 |   1 |  254.0 |
        Bailey |    574 |    574 |      0 |    215 |    187 |   1 |  574.0 |
               +--------+--------+--------+--------+--------+-----+--------+

Top non-repeatable levels by time:
     D:7: 1215 daAuts
     D:6: 988 daAuts
     D:8: 860 daAuts
     D:4: 743 daAuts
     D:1: 692 daAuts
     D:9: 672 daAuts
     D:5: 643 daAuts
     D:3: 642 daAuts
     D:2: 581 daAuts
  Bailey: 574 daAuts
   Sewer: 254 daAuts
